 Dungeon Crawl Stone Soup version 0.30-a0-297-g0ec75d9ef4 (webtiles) character file.

Game seed: 6930369917292405832

148 Bnni the Shooter (level 5, 0/41 HPs)
             Began as a Formicid Hunter on Oct 18, 2022.
             Succumbed to a goblin's poison
             ... on level 2 of the Dungeon.
             The game lasted 00:03:16 (1083 turns).

Bnni the Shooter (Formicid Hunter)                  Turns: 1083, Time: 00:03:17

Health: 0/41       AC:  0    Str: 12 (15) XL:     5   Next: 56%
Magic:  5/5        EV: 19    Int:  6 (9)  God:
Gold:   86         SH:  0    Dex: 22 (24) Spells: 4/4 levels left

rFire   . . .      SeeInvis .    (weapon currently unavailable)
rCold   . . .      Faith    .    (shield currently unavailable)
rNeg    . . .      Spirit   .    (body armour currently unavailable)
rPois   .          Reflect  .    (helmet unavailable)
rElec   .          Harm     .    (cloak currently unavailable)
rCorr   .          Rampage  .    (gloves currently unavailable)
Will    .....                    (boots currently unavailable)
Stlth   ++........               (no amulet)
HPRegen 0.26/turn                (ring currently unavailable)
MPRegen 0.09/turn                (ring currently unavailable)

@: lethally poisoned (0 -> -1), bat-form, flying, invisible, very quick
A: fast, flying, no casting, permanent stasis, dig shafts and tunnels, tiny,
(antennae 3), four strong arms
a: no special abilities


You were on level 2 of the Dungeon.
You were a bat.
You visited 1 branch of the dungeon, and saw 2 of its levels.

You collected 86 gold pieces.

Inventory:

Hand Weapons
 a - a +0 shortbow of freezing (melded)
 o - a +2 dagger of venom
Armour
 c - a +0 scale mail (melded)
Wands
 j - a wand of polymorph (2)
Scrolls
 b - a scroll of immolation
 d - a scroll of acquirement {unknown}
 f - a scroll of poison {unknown}
 g - a scroll of fear {unknown}
 l - a scroll of silence {unknown}
 m - a scroll of identify {unknown}
Potions
 k - a potion of degeneration


   Skills:
 + Level 3.4 Fighting
 * Level 5.3 Ranged Weapons
 + Level 2.3 Armour
 - Level 1.7 Dodging
 - Level 1.2 Stealth


You had 4 spell levels left.
You didn't know any spells.
Your spell library contained the following spells:

 Spells                   Type           Power      Damage    Failure   Level
 Beastly Appendage        Tmut           0%         N/A       45%         1
 Wereblood                Tmut           0%         N/A       58%         2
 Spider Form              Tmut/Pois      0%         N/A       83%         3


Dungeon Overview and Level Annotations

Branches:
Dungeon (2/15)

Altars:


Innate Abilities, Weirdness & Mutations

You are a bat.
You are tiny and dextrous.
You move quickly.
You are flying.
Your equipment is almost entirely melded.
You are incapable of wielding weapons or throwing items.
You cannot cast spells.
You cannot be hasted, slowed, berserked, paralysed or teleported.
You can dig through walls and to a lower floor.
((You have a pair of large antennae on your head. (SInv)))
Your four strong arms can wield two-handed weapons with a shield.


Message History

* * * LOW HITPOINT WARNING * * *
You feel very sick.
It was a potion of invisibility.
You fade into invisibility!
* * * LOW HITPOINT WARNING * * *
You feel sick.
It was a potion of flight.
You feel very buoyant.
You fly up into the air.
* * * LOW HITPOINT WARNING * * *
You feel sick.
Okay, then.
Aiming: Polymorph
Press: ? - help, Shift-Dir - straight line, f - you That beam is likely to hit you.
Continue anyway?
You turn into a bat.
Your +0 shortbow melds into your body.
Your +0 scale mail melds into your body.
* * * LOW HITPOINT WARNING * * *
You feel sick.
Aiming: Polymorph
Press: ? - help, Shift-Dir - straight line, f - you That beam is likely to hit you.
Continue anyway?
Nothing appears to happen.
* * * LOW HITPOINT WARNING * * *
You feel sick.
Aiming: Polymorph
Press: ? - help, Shift-Dir - straight line, f - you That beam is likely to hit you.
Continue anyway?
Nothing appears to happen.
* * * LOW HITPOINT WARNING * * *
You feel sick.
As you read the scroll labelled HUFFU OKUSASSIDO, it crumbles to dust.
It is a scroll of brand weapon.
Your +0 shortbow is covered with a thin layer of ice!
a - a +0 shortbow of freezing (melded)
* * * LOW HITPOINT WARNING * * *
You feel sick.
As you read the scroll labelled WEKHLO MUSOO, it crumbles to dust.
You feel a strange sense of stasis.
It was a scroll of teleportation.
You die...

### ### ## ## #.#####.# ..#.#
#.......# #.#.# #.#####.# ....#
#)# #.# #.#.# #.# #.# #######
#.#.# #.# #.#
#.)...#########.#.#####.#####.#
................b..........##.#
..##............#.#####.##.##†#
........................#..##.###
.....##########.########.........
.......................).....>...
####.##########.########†........
..##.# #.# #####........ #.##.#
#.# #............ #.##.# #.#
#............


There were no monsters in sight!

Vanquished Creatures
  Jessica (D:2)
  Terence (D:2)
  5 adders (D:2)
  2 worms (D:2)
  7 ball pythons
  4 bats
  5 endoplasms
  6 goblins
  3 hobgoblins
  4 jackals (D:2)
  A quokka (D:1)
  3 frilled lizards
  4 kobolds
  3 rats
49 creatures vanquished.

Notes
Turn   | Place    | Note
-------+----------+-------------------------------------------
     0 | D:1      | Bnni the Formicid Hunter began the quest for the Orb.
     0 | D:1      | Reached XP level 1. HP: 16/16 MP: 1/1
    78 | D:1      | Reached XP level 2. HP: 23/23 MP: 2/2
   317 | D:1      | Reached skill level 1 in Armour
   339 | D:1      | Reached XP level 3. HP: 28/28 MP: 3/3
   473 | D:2      | Noticed Jessica
   478 | D:2      | Noticed Terence
   488 | D:2      | Killed Terence
   489 | D:2      | Reached XP level 4. HP: 31/34 MP: 4/4
   513 | D:2      | Killed Jessica
   587 | D:2      | Reached skill level 5 in Ranged Weapons
   636 | D:2      | Reached XP level 5. HP: 40/41 MP: 5/5
  1080 | D:2      | HP: 2/41 [poisoned by a goblin]
  1083 | D:2      | Succumbed to a goblin's poison

Illustrated notes

Levels and vault maps discovered:
D:1:      dpeg_arrival_orchard, layout_rooms
D:2:      layout_basic, uniq_jessica, uniq_terence

Skill      XL: |  1  2  3  4 |
---------------+-------------+-----
Armour         | 1 2 |  2.3
Fighting       | 3 |  3.4
Ranged Weapons | 5 |  5.3
Dodging        | |  1.7
Stealth        | |  1.2

Action                   |  1- 3 |  4- 6 || total
-------------------------+-------+-------++-------
Melee: Unarmed           |       |     7 ||     7
 Fire: Shortbow          |    68 |    78 ||   146
Evoke: Wand              |       |     3 ||     3
  Use: Potion            |       |     3 ||     3
       Scroll            |       |     2 ||     2
Armor: Leather armour    |     2 |       ||     2
       Scale mail        |     6 |    17 ||    23
       Skin              |     5 |       ||     5
Dodge: Dodged            |    11 |    21 ||    32

Table legend: (Time is in decaauts)
 A = Elapsed time spent in this place.
 B = Non-inter-level travel time spent in this place.
 C = Inter-level travel time spent in this place.
 D = Time resting spent in this place.
 E = Time spent auto-exploring this place.
 F = Levels seen in this place.
 G = Mean time per level.
                   A        B        C        D        E       F      G
               +--------+--------+--------+--------+--------+-----+--------+
         Total |   1143 |   1138 |      5 |      0 |    766 |   2 |  571.5 |
       Dungeon |   1143 |   1138 |      5 |      0 |    766 |   2 |  571.5 |
               +--------+--------+--------+--------+--------+-----+--------+

Top non-repeatable levels by time:
     D:2: 649 daAuts
     D:1: 494 daAuts
